 Dungeon Crawl Stone Soup version bcrawl-1.19.1 (webtiles) character file.

Game seed: 8549678944161872526

1194 Revguard the Prestidigitator (level 8, 0/58 HPs)
             Began as a Human Archaeologist on Nov 27, 2019.
             Was an Initiate of Sif Muna.
             Slain by an orc wizard
             ... wielding a +1 dagger of electrocution
              (14 damage)
             ... on level 5 of the Dungeon.
             The game lasted 00:16:21 (4887 turns).

Revguard the Prestidigitator (Human Archaeologist)  Turns: 4887, Time: 00:16:22

Health: 0/58       AC:  9    Str: 12    XL:     8   Next: 71%
Magic:  20/23      EV: 13    Int: 15    God:    Sif Muna [......]
Gold:   212        SH:  0    Dex: 13    Spells: 7/7 levels left

rFire    + . .     SeeInvis .   f - +9 staff of Olgreb {rPois}
rCold    . . .     Gourm    .   (no shield)
rNeg     . . .     Faith    .   n - +0 ring mail
rPois    ∞         Spirit   .   c - +1 hat
rElec    .         Reflect  .   (no cloak)
rCorr    .         Harm     .   (no gloves)
MR       .....                  d - +1 pair of boots
Stlth    +.........             (no amulet)
HPRegen  0.19/turn              i - ring of protection from fire
MPRegen  0.18/turn              y - ring of magical power

@: very slow
A: no striking features
a: Divine Energy, Renounce Religion


You were on level 5 of the Dungeon.
You worshipped Sif Muna.
Sif Muna was noncommittal.
You were not hungry.

You visited 1 branch of the dungeon, and saw 5 of its levels.

You collected 212 gold pieces.

Inventory:

Hand Weapons
 a - a +0 whip
 f - the +9 staff of Olgreb (weapon) {rPois}

   It protects you from poison.
 D - a +1 hand crossbow of freezing
Armour
 b - a +1 robe
 c - a +1 hat (worn)
 d - a +1 pair of boots (worn)
 n - a +0 ring mail (worn)
Magical Staves
 s - an uncursed staff of wizardry
Jewellery
 i - a ring of protection from fire (left hand)
 x - a +2 ring of strength
 y - a ring of magical power (right hand)
Wands
 m - a wand of iceblast (4)
 p - a wand of polymorph (4)
 v - a wand of clouds (3)
Scrolls
 h - a scroll of fog
 j - a scroll of teleportation
 k - a scroll of identify
 l - a scroll of noise
 o - a scroll of magic mapping
 r - a scroll of amnesia
 A - 2 scrolls of remove curse
Potions
 e - 2 potions of degeneration {unknown}
 q - a potion of invisibility
 t - 2 potions of lignification
 u - a potion of curing
 w - 2 potions of haste
 z - a potion of might
Comestibles
 g - 12 rations {!d}


   Skills:
 + Level 3.5 Fighting
 - Level 2.4(3.1) Maces & Flails
 + Level 2.6(3.1) Staves
 + Level 5.2 Armour
 + Level 5.3 Dodging
 - Level 3.6 Stealth
 * Level 0.4 Spellcasting
 * Level 8.8 Evocations


You had 7 spell levels left.
You didn't know any spells.
Your spell library was empty.

Dungeon Overview and Level Annotations

Branches:
Dungeon (5/12)
 Temple: D:4-7

Altars:
Sif Muna


Message History

* * * LOW HITPOINT WARNING * * *
You feel better.
The bullfrog skeleton barely misses you.
The bullfrog skeleton hits you.
* * * LOW HITPOINT WARNING * * *
You hit the bullfrog skeleton.
The bullfrog skeleton is heavily damaged.
The bullfrog skeleton misses you.
You sock the bullfrog skeleton!
You destroy the bullfrog skeleton!
Sif Muna accepts your kill.
You enter the shallow water.
Moving in this stuff is going to be slow.
The walls and floor vibrate strangely for a moment.
You hear some strange, mumbled words.
Something tries to affect you, but you resist.
You miss something. You closely miss something.
Something hits you but does no damage.
You are electrocuted!
You die...

,,,,,* *,* *,,,,.............P.
,,,,,***+******+##########....P≈.
,,*+*,,,,,,,,,,##)≈o≈?.{.#....P.≈
,,*,*,,,,,,,,,,#.########.o...≈≈≈
,,*,,,,,,,,,,,,#.#*,≈≈≈≈##.......
,,*************#≈#≈*****≈#.......
,,**,,,,,,* *,,#o#≈*∩≈**≈#....##.
,,**,****,***,,#{#≈***≈*,#....##.
,,**,* *,,,+,,#@#≈≈≈≈**≈#....##.
,,**,********,,#≈#******≈#....##.
,,**,**,,,,,,,,##≈≈≈≈≈≈≈*#....##.
,,**,**,*********##******#######.
,,**,,,,*****************#######.
,,**,,,,*,,,,,,,,,,,,,,**........
,,**,,,,,,,,,,,,,,,,,,,**........
,,,,,,,,,,,,,,,,,,,,,,,**........
,******,,,,,,,,,,,,,,,,**........


You could see an orc.

Vanquished Creatures
  Grinder (D:3)
  A water moccasin (D:5)
  A phantom (D:4)
  An ogre (D:5)
  A scorpion (D:4)
  2 bullfrog zombies (D:5)
  A centaur zombie (D:5)
  A jelly (D:5)
  A centaur skeleton (D:5)
  3 hounds
  A bullfrog skeleton (D:5)
  2 orc wizards (D:5)
  Ijyb (D:5)
  Terence (D:3)
  Natasha (twice) (D:3)
  A worker ant (D:4)
  A hound zombie (D:5)
  A hound skeleton (D:2)
  Robin (D:2)
  A howler monkey skeleton (D:5)
  5 adders (D:3)
  4 gnolls (D:2)
  An ooze (D:2)
  A worm (D:2)
  A dart slug (D:2)
  7 leopard geckos
  9 orcs
  4 giant cockroaches
  14 goblins
  5 hobgoblins
  3 jackals (D:1)
  6 quokkas
  5 bats
  3 frilled lizards
  7 kobolds
  12 rats
112 creatures vanquished.

Notes
Turn   | Place    | Note
-------+----------+-------------------------------------------
     0 | D:1      | Revguard the Human Archaeologist began the quest for the
                  | Orb.
     0 | D:1      | Reached XP level 1. HP: 15/15 MP: 1/1
    55 | D:1      | Reached skill level 1 in Evocations
   202 | D:1      | Reached XP level 2. HP: 21/21 MP: 3/3
   870 | D:1      | Reached XP level 3. HP: 26/26 MP: 4/4
  1000 | D:2      | Reached skill level 2 in Evocations
  1271 | D:2      | Reached XP level 4. HP: 28/32 MP: 5/5
  1280 | D:2      | Noticed Robin
  1298 | D:2      | Killed Robin
  1815 | D:2      | Reached skill level 3 in Evocations
  1821 | D:2      | Reached XP level 5. HP: 9/37 MP: 7/7
  1821 | D:2      | Reached skill level 4 in Evocations
  2233 | D:2      | Reached skill level 1 in Armour
  2496 | D:3      | Noticed Grinder
  2500 | D:3      | Killed Grinder
  2500 | D:3      | Reached skill level 5 in Evocations
  2500 | D:3      | Reached XP level 6. HP: 46/46 MP: 8/10
  2502 | D:3      | Noticed Natasha
  2508 | D:3      | Killed Natasha
  2508 | D:3      | Reached skill level 6 in Evocations
  2508 | D:3      | Reached XP level 7. HP: 48/51 MP: 8/11
  2784 | D:3      | Noticed Natasha
  2795 | D:3      | Killed Natasha
  2910 | D:3      | Noticed Terence
  2937 | D:3      | Killed Terence
  3730 | D:4      | Reached skill level 7 in Evocations
  4232 | D:5      | Entered Level 5 of the Dungeon
  4232 | D:5      | Found a shimmering blue altar of Sif Muna.
  4238 | D:5      | Reached skill level 1 in Staves
  4238 | D:5      | Reached skill level 5 in Dodging
  4238 | D:5      | Reached XP level 8. HP: 53/58 MP: 13/13
  4290 | D:5      | Became a worshipper of Sif Muna the Loreminder
  4312 | D:5      | Noticed Ijyb
  4314 | D:5      | Reached skill level 8 in Evocations
  4343 | D:5      | Killed Ijyb
  4359 | D:5      | Reached skill level 5 in Armour
  4887 | D:5      | Slain by an orc wizard

Skill      XL: |  1  2  3  4  5  6  7  8 |
---------------+-------------------------+-----
Evocations     | 1 2 3 5 6 7 8 |  8.8
Dodging        | 4 5 |  5.3
Maces & Flails | 2 |  2.4
Armour         | 2 3 4 5 |  5.2
Fighting       | 2 3 |  3.5
Staves         | 1 2 |  2.6
Stealth        | |  3.6
Spellcasting   | |  0.4

Action                   |  1- 3 |  4- 6 |  7- 9 || total
-------------------------+-------+-------+-------++-------
Melee: Whip              |   145 |   127 |    71 ||   343
       Staff             |       |       |   130 ||   130
       Unarmed           |       |       |     8 ||     8
Evoke: Wand              |       |     8 |    25 ||    33
       Staff of Olgreb   |       |       |     5 ||     5
  Use: Potion            |       |     4 |     3 ||     7
       Scroll            |       |       |    12 ||    12
 Stab: Sleeping          |     2 |       |     2 ||     4
  Eat: Chunk             |     1 |     4 |     8 ||    13
Armor: Robe              |    27 |       |       ||    27
       Ring mail         |    37 |    42 |    84 ||   163
       Skin              |       |       |     3 ||     3
Dodge: Dodged            |   103 |   100 |   144 ||   347
